 Dungeon Crawl Stone Soup version 0.25-a0-1137-g7f6bfe4 (webtiles) character file.

Game seed: 14316346837550546258, levelgen mode: deterministic

4 BlueFish the Grasshopper (level 1, -1/14 HPs)
             Began as an Octopode Warper on May 24, 2020.
             Slain by a kobold
             ... wielding a +0 short sword
              (6 damage)
             ... on level 1 of the Dungeon.
             The game lasted 00:00:42 (122 turns).

BlueFish the Grasshopper (Octopode Warper)           Turns: 122, Time: 00:00:43

Health: -1/14      AC:  1    Str: 10    XL:     1   Next: 70%
Magic:  3/3        EV: 13    Int: 15    God:
Gold:   8          SH:  0    Dex: 11    Spells: 4/4 levels left

rFire    . . .     SeeInvis .     - Unarmed
rCold    . . .     Gourm    .   (no shield)
rNeg     . . .     Faith    .   (helmet restricted)
rPois    .         Spirit   .   (no amulet)
rElec    .         Reflect  .   (no ring)
rCorr    .         Harm     .   (no ring)
MR       .....                  (no ring)
Stlth    ++........             (no ring)
HPRegen  0.04/turn              (no ring)
MPRegen  0.08/turn              (no ring)
                                (no ring)
                                (no ring)

@: no status effects
A: almost no armour, stealthy swim, amphibious, 8 rings, constrict 8, camouflage
1, gelatinous body 1
a: no special abilities


You were on level 1 of the Dungeon.
You were not hungry.

You visited 1 branch of the dungeon, and saw 1 of its levels.

You collected 8 gold pieces.

Inventory:

Missiles
 c - 5 boomerangs of dispersal (quivered)
Scrolls
 b - a scroll of blinking
Comestibles
 a - 2 chunks of flesh
 d - 2 rations


   Skills:
 * Level 2.0 Fighting
 * Level 1.1 Throwing
 * Level 2.4 Dodging
 * Level 0.2 Stealth
 * Level 2.1 Unarmed Combat
 + Level 2.0 Spellcasting
   Level 3.0 Translocations


You had 4 spell levels left.
You didn't know any spells.
Your spell library contained the following spells:

 Spells                   Type           Power        Failure   Level  Hunger
 Blink                    Tloc           N/A          10%         2    ###....
 Shroud of Golubria       Chrm/Tloc      #.....       19%         2    ###....
 Gell's Gravitas          Tloc           ##........   19%         3    ###....
 Lesser Beckoning         Tloc           ##........   19%         3    ###....
 Teleport Other           Tloc           ##......     19%         3    ###....
 Passage of Golubria      Tloc           N/A          54%         4    #####..


Dungeon Overview and Level Annotations

Branches:
Dungeon (1/15)

Altars:


Innate Abilities, Weirdness & Mutations

You cannot wear most types of armour.
You are very stealthy in the water. (Stealth+)
You are amphibious.
You can wear up to eight rings at the same time.
You can use your tentacles to constrict eight enemies at once.
Your skin changes colour to match your surroundings (Stealth+).
Your rubbery body absorbs attacks. (AC +1, EV +1)


Message History

The bat closely misses you.
You barely miss the kobold. Your grab misses the kobold.
The bat closely misses you. The kobold closely misses you.
The frilled lizard barely misses you. The bat barely misses you.
You barely miss the frilled lizard. Your grab misses the frilled lizard.
The bat hits you.
The kobold hits you with a +0 short sword.
The frilled lizard misses you.
You barely miss the bat. Your grab misses the bat. The bat closely misses you.
The kobold hits you with a +0 short sword.
The frilled lizard barely misses you. The bat completely misses you.
The bat hits you. The bat hits you but does no damage.
The bat hits you but does no damage. The kobold barely misses you.
You closely miss the kobold. Your grab misses the kobold.
Your squeeze misses the kobold.
The kobold hits you with a +0 short sword.
You die...

#..# ##....#.#### #..#
##........... ####..
#............ ..#.#
#............
..######.#.#
#...####.#####
#..........# # ) #.#
#........# #)#
#.....#.b########### #.#
#..$..##lSK@......)###.#
###..###.#########.....#
#.# ### #####.# #. ###
.. ...


You could see a bat, a ball python, a kobold and a frilled lizard.

Vanquished Creatures
  A goblin (D:1)
  2 hobgoblins (D:1)
  A bat (D:1)
4 creatures vanquished.

Notes
Turn   | Place    | Note
-------+----------+-------------------------------------------
     0 | D:1      | BlueFish the Octopode Warper began the quest for the Orb.
     0 | D:1      | Reached XP level 1. HP: 14/14 MP: 3/3
   122 | D:1      | Slain by a kobold

Illustrated notes

Levels and vault maps discovered:
D:1:      minmay_arrival_nine_rooms, layout_rooms, nrook_mini_backslash

Action                   || total
-------------------------++-------
Melee: Unarmed           ||    14
       Constrict         ||     3
       Tentacles         ||     1
 Stab: Sleeping          ||     1
Armor: Skin              ||     5
Dodge: Dodged            ||    16

Table legend:
 A = Non-vault XP
 B = Vault XP
 C = Vault XP percentage of total XP
 D = Non-vault monster count
 E = Vault monster count
 F = Vault count percentage of total count
                 A         B        C        D         E       F
            +---------+---------+-------+---------+---------+-------
      Total |       7 |       0 |   0.0 |       4 |       0 |   0.0
            +---------+---------+-------+---------+---------+-------
        D:1 |       7 |       0 |   0.0 |       4 |       0 |   0.0
            +---------+---------+-------+---------+---------+-------
